 Dungeon Crawl Stone Soup version 0.24.0-37-gcf1ca852f1 (webtiles) character file.

Game seed: 13718968900225529801, levelgen mode: deterministic

181647 Velka12 the Unseen (level 18, -9/99 HPs)
             Began as a Vine Stalker Enchanter on Dec 7, 2019.
             Was the Champion of Makhleb.
             Killed from afar by a shock serpent (24 damage)
             ... with a bolt of electricity
             ... on level 4 of the Snake Pit.
             The game lasted 02:38:17 (43037 turns).

Velka12 the Unseen (Vine Stalker Enchanter)        Turns: 43037, Time: 02:38:18

Health: -9/99      AC: 22    Str: 15    XL:     18   Next: 31%
Magic:  0/33       EV: 12    Int: 21    God:    Makhleb [******]
Gold:   2212       SH:  5    Dex: 15    Spells: 18/38 levels left

rFire    + . .     SeeInvis +   a - +11 short sword "Falaluj" {flame, rPois Str+2}
rCold    . . .     Gourm    .   f - +0 buckler
rNeg     . . .     Faith    .   W - +3 scale mail {MR+}
rPois    +         Spirit   +   r - +2 helmet {SInv}
rElec    .         Reflect  .   G - +0 cloak
rCorr    .         Harm     .   H - +0 pair of gloves
MR       +++..                  B - +0 pair of boots
Stlth    ++++++....             T - amulet of regeneration
HPRegen  1.46/turn              t - ring of protection from fire
MPRegen  0.23/turn              V - +5 ring of protection

@: lethally poisoned (-9 -> -9), very slightly contaminated
A: fangs 3, regeneration 2, magic shield, antimagic bite, no potion heal 3, rot
immunity
a: Minor Destruction, Lesser Servant of Makhleb, Major Destruction, Greater
Servant of Makhleb, Renounce Religion


You were on level 4 of the Snake Pit.
You worshipped Makhleb.
Makhleb was exalted by your worship.
You were not hungry.

You visited 7 branches of the dungeon, and saw 32 of its levels.
You also visited: Ossuary and Gauntlet.

You collected 3125 gold pieces.
You spent 913 gold pieces at shops.

Inventory:

Hand Weapons
 a - the +11 short sword "Falaluj" (weapon) {flame, rPois Str+2}
   (You acquired it on level 3 of the Shoals)

   It has been specially enchanted to burn those struck by it, causing extra
   injury to most foes and up to half again as much damage against particularly
   susceptible opponents.
   It affects your strength (+2).
   It protects you from poison.
 b - a +0 dagger of electrocution
Missiles
 n - 59 boomerangs (quivered)
 U - a throwing net
Armour
 f - a +0 buckler (worn)
 r - a +2 helmet of see invisible (worn)
 B - a +0 pair of boots (worn)
 G - a +0 cloak (worn)
 H - a +0 pair of gloves (worn)
 W - a +3 scale mail of magic resistance (worn)
Jewellery
 t - a ring of protection from fire (left hand)
 F - an uncursed ring of protection from cold {unknown}
 I - an uncursed ring of see invisible
 N - an uncursed ring of resist corrosion
 T - an amulet of regeneration (around neck)
 V - a +5 ring of protection (right hand)
Wands
 D - a wand of iceblast (35)
 L - a wand of digging (1)
 M - a wand of clouds (10)
 R - a wand of acid (10)
 Z - a wand of scattershot (9)
Scrolls
 e - 3 scrolls of teleportation
 h - 3 scrolls of vulnerability
 i - 6 scrolls of amnesia
 j - 3 scrolls of magic mapping
 l - 7 scrolls of remove curse
 m - 2 scrolls of enchant weapon
 p - 6 scrolls of immolation
 q - a scroll of summoning
 y - 5 scrolls of enchant armour
 E - a scroll of blinking
 J - a scroll of fear
 O - 2 scrolls of silence
 S - a scroll of brand weapon
Potions
 c - 6 potions of might
 g - 4 potions of mutation
 k - 8 potions of curing
 o - a potion of magic
 s - 6 potions of flight
 u - 2 potions of invisibility
 w - 4 potions of resistance
 x - 4 potions of brilliance
 z - 3 potions of lignification
 A - 4 potions of cancellation
 C - a potion of agility
 P - 4 potions of haste
Miscellaneous
 K - a lightning rod (4/4)
 X - a lamp of fire
Comestibles
 d - 35 rations


   Skills:
 + Level 12.6 Fighting
 + Level 11.0 Short Blades
 - Level 6.5 Armour
 - Level 5.0 Dodging
 + Level 19.2 Stealth
 - Level 5.0 Shields
 + Level 10.8 Spellcasting
 + Level 10.3 Hexes
 + Level 10.7 Summonings
 - Level 3.0 Necromancy
 * Level 1.3 Translocations
 - Level 3.0 Ice Magic
 - Level 8.0 Invocations


You had 18 spell levels left.
You knew the following spells:

 Your Spells              Type           Power        Failure   Level  Hunger
a - Confusing Touch       Hex            ######       1%          1    None
b - Ensorcelled Hibernat  Hex/Ice        #####.       1%          2    None
c - Confuse               Hex            ######..     1%          3    None
d - Tukima's Dance        Hex            ######..     1%          3    None
e - Summon Mana Viper     Hex/Summ       ######..     8%          5    ####...
f - Blink                 Tloc           N/A          19%         2    None
g - Animate Skeleton      Necr           N/A          6%          1    None
h - Corona                Hex            ######.      1%          1    None
i - Apportation           Tloc           ###...       12%         1    None
j - Summon Butterflies    Summ           ######..     1%          1    None

Your spell library contained the following spells:

 Spells                   Type           Power        Failure   Level  Hunger
 Summon Small Mammal      Summ           ####         1%          1    None
 Call Canine Familiar     Summ           ######..     1%          3    None
 Recall                   Summ/Tloc      N/A          4%          3    None
 Portal Projectile        Hex/Tloc       #####.       5%          3    None
 Dazzling Spray           Conj/Hex       ####..       8%          3    None
 Inner Flame              Hex/Fire       ####....     8%          3    None
 Summon Ice Beast         Ice/Summ       #####...     12%         4    ##.....
 Flame Tongue             Conj/Fire      ##...        21%         1    None
 Summon Lightning Spire   Summ/Air       ####....     22%         4    ##.....
 Shroud of Golubria       Chrm/Tloc      ##....       24%         2    None
 Throw Flame              Conj/Fire      ##....       30%         2    None
 Gell's Gravitas          Tloc           ###.......   34%         3    None
 Lesser Beckoning         Tloc           ###.......   34%         3    None
 Teleport Other           Tloc           ###.....     34%         3    None
 Metabolic Englaciation   Hex/Ice        #####.....   36%         5    ####...
 Conjure Flame            Conj/Fire      ##......     52%         3    None
 Animate Dead             Necr           N/A          52%         4    ##.....
 Silence                  Hex/Air        ####......   56%         5    ####...
 Yara's Violent Unravell  Hex/Tmut       ####......   56%         5    ####...
 Passage of Golubria      Tloc           N/A          75%         4    ##.....
 Force Lance              Conj/Tloc      ##......     83%         4    ##.....
 Petrify                  Tmut/Erth      ##......     90%         4    ##.....
 Sticky Flame             Conj/Fire      ##......     90%         4    ##.....
 Summon Hydra             Summ           ######....   91%         7    #######
 Borgnjor's Vile Clutch   Necr/Erth      ###.......   97%         5    ####...
 Fireball                 Conj/Fire      ##........   99%         5    ####...
 Irradiate                Conj/Tmut      ##........   99%         5    ####...
 Conjure Ball Lightning   Conj/Air       ##........   100%        6    ######.
 Death Channel            Necr           ###.......   100%        6    ######.
 Deflect Missiles         Chrm/Air       ##........   100%        6    ######.
 Dispersal                Tloc           ###.......   100%        6    ######.
 Hydra Form               Tmut           ##........   100%        6    ######.
 Simulacrum               Ice/Necr       ###.......   100%        6    ######.
 Statue Form              Tmut/Erth      ##.......    100%        6    ######.
 Dragon Form              Tmut           ##........   100%        7    #######
 Haunt                    Necr/Summ      #####.....   100%        7    #######
 Borgnjor's Revivificati  Necr           ###.......   100%        8    #######
 Controlled Blink         Tloc           N/A          100%        8    #######
 Death's Door             Chrm/Necr      ###.......   100%        8    #######
 Disjunction              Tloc           ###.......   100%        8    #######
 Infestation              Necr           ###.......   100%        8    #######
 Necromutation            Tmut/Necr      ###.......   100%        8    #######
 Tornado                  Air            ##........   100%        9    #######


Dungeon Overview and Level Annotations

Branches:
Dungeon (15/15)            Temple (0/1) D:6            Lair (6/6) D:11
 Shoals (3/4) Lair:3        Snake (4/4) Lair:3        Slime (0/5) Lair:5
    Orc (2/2) D:10            Elf (1/3) Orc:2        Vaults (0/5) D:13
 Depths (1/5) D:15        Ossuary (visited)         Gauntlet (visited)

Altars:
Cheibriados
Hepliaklqana
Makhleb
Nemelex Xobeh
Okawaru
Qazlal
Ru
Sif Muna
Trog
Uskayaw
Wu Jian
Xom
Beogh

Shops:
D:6 *   D:10 :   D:12 =   D:15 (   Orc:2 =%([   Snake:1 ?*

Annotations:
D:6 exclusion: door
D:8 4 transporters, Delarado's ghost, novice OpFi
D:13 exclusion: 3 doors
Lair:1 exclusion: downstairs
Lair:3 3 runed translucent doors, Baiviem's ghost, journeyman MfGl; kalagan's ghost, journeyman GrEE
Lair:6 2 runed translucent doors
Shoals:2 Roxanne
Snake:1 exclusion: 2 downstairs
Snake:3 exclusion: downstairs
Snake:4 exclusion: 3 doors, Vashnia


Innate Abilities, Weirdness & Mutations

You have razor-sharp teeth.
You heal very quickly.
When hurt, damage is shared between your health and your magic reserves.
Your bite disrupts and absorbs the magic of your enemies.
Potions cannot restore your health.
You are immune to rotting.


Message History

The bolt of electricity hits you!
* * * LOW HITPOINT WARNING * * *
The bolt of electricity hits the shock serpent.
The shock serpent completely resists.
The bolt of electricity hits the naga mage!!
Unknown command.
Okay, then.
Casting: Ensorcelled Hibernation (safe; 1% risk of failure)
Confirm with . or Enter, or press ? or * to list all spells.
Aiming: Ensorcelled Hibernation (safe; 1% risk of failure)
Press: ? - help, Shift-Dir - straight line, f/p - shock serpent
Aim: a shock serpent (chance to defeat MR: 50%)
Okay, then.
Blink to where?
Press: ? - help, Dir - move target cursor, p - shock serpent You are very lightly contaminated with residual magic.
As you read the scroll of blinking, it crumbles to dust.
The shock serpent shoots out a bolt of lightning at you!
The bolt of electricity hits you!!
You die...

#..........## ##. #.........##
#..........## #..
#..........##
#...........###.#
#...........#
##...........#..#
#..........## #...........#.##
#.....N.....# ##.........##.#
#...........# ##........#..#
##...N.N....########....##.##
#...N.S......@.............#
###.).ยง...........########.##
#..#.......###### #..#
#..########.# ##.## ##.# ##
#..# ##.# ##.# #..#### #..
##....# ##. #.)### #.


You could see a shock serpent, a naga mage and a naga.

Vanquished Creatures
  Jorgrun (Snake:3)
  Rupert (D:15)
  2 nagarajas (Snake:2)
  Aizul (Snake:1)
  3 orc warlords
  A minotaur (Gauntlet)
  2 merfolk javelineers
  A merfolk impaler (Shoals:1)
  Erolcha (D:11)
  A great orb of eyes (D:15)
  4 naga warriors
  3 catoblepae
  2 rakshasas (D:15)
  2 merfolk avatars (Shoals:3)
  4 hydras
  A satyr (Shoals:3)
  13 anacondas
  3 centaur warriors
  6 two-headed ogres
  A vampire mage (D:15)
  4 dancing weapons
  5 death yaks (Lair:6)
  An orc high priest (Orc:2)
  6 naga sharpshooters
  14 shock serpents
  2 deep elf knights (Elf:1)
  A fire crab (Lair:6)
  4 sea snakes (Shoals:2)
  14 skeletal warriors
  2 salamander mystics (Snake:3)
  9 naga ritualists
  A wizard (D:12)
  A lindwurm (Lair:6)
  An unseen horror (D:15)
  5 deep elf archers
  11 mana vipers
  A necromancer (D:15)
  2 harpies (Shoals:2)
  6 orc knights
  5 manticores
  2 orc sorcerers
  29 deep elf magi
  3 ugly things (D:14)
  4 fauns (Shoals:3)
  4 cyclopes
  6 elephants
  5 salamanders
  A moth of wrath (Gauntlet)
  5 merfolk sirens
  Maurice (D:8)
  2 guardian serpents
  5 naga magi
  2 gargoyles
  36 black mambas
  12 spiny frogs
  3 molten gargoyles (Lair:6)
  2 water nymphs
  2 efreet
  A spriggan zombie (D:15)
  2 rime drakes
  9 komodo dragons
  A yaktaur zombie (D:15)
  A yaktaur (D:13)
  9 trolls
  7 merfolk
  A meliai (shapeshifter) (D:15)
  A wind drake (Shoals:1)
  12 meliai
  A polar bear (Lair:3)
  11 blink frogs
  6 slime creatures
  A raiju (shapeshifter) (Elf:1)
  A hippogriff (shapeshifter) (D:15)
  A fire dragon zombie (D:15)
  11 hippogriffs
  5 snapping turtles
  An ettin zombie (D:15)
  9 dream sheep
  2 water elementals
  A ynoxinul (Gauntlet)
  6 wyverns
  A vampire (D:8)
  A wraith (D:15)
  2 shadows (D:15)
  21 yaks
  16 humans
  6 basilisks
  3 hogs (D:7)
  2 fire elementals (Elf:1)
  6 hungry ghosts
  2 steam dragons
  13 vampire mosquitoes
  8 wargs
  23 nagas
  Edmund (D:5)
  17 water moccasins
  2 hell hounds (Lair:6)
  Duvessa (D:7)
  6 porcupines
  5 ice beasts
  43 orc warriors
  An eye of draining (shapeshifter) (Elf:1)
  4 sky beasts
  3 eyes of draining
  15 ogres
  5 phantoms
  A boggart (D:12)
  12 wolves
  11 centaurs
  7 crocodiles
  A big kobold (D:9)
  13 bullfrogs
  Dowan (D:7)
  3 wyvern skeletons
  3 scorpions
  4 wights (D:9)
  17 killer bees
  4 electric eels (D:13)
  3 howler monkeys
  8 crimson imps
  4 centaur zombies
  5 lava snakes (Lair:6)
  A bullfrog zombie (Ossuary)
  2 bullfrog skeletons
  26 orc priests
  27 orc wizards
  4 centaur skeletons
  6 hounds
  3 jellies
  Terence (D:2)
  4 iguanas
  8 worker ants
  5 hound zombies
  17 mummies (Ossuary)
  7 worker ant zombies
  5 gnolls
  23 adders
  3 shadow imps
  4 oozes
  2 adder zombies
  3 adder skeletons
  A worm (D:2)
  2 dart slugs
  3 leopard geckos
  125 orcs
  5 ball pythons
  7 giant cockroaches
  12 hobgoblins
  13 jackals
  11 kobolds
  5 quokkas
  4 bats
  4 frilled lizards
  3 goblins
  A jackal zombie (D:6)
  3 quokka zombies (Ossuary)
  11 rats
  A plant (Lair:2)
1038 creatures vanquished.

Vanquished Creatures (collateral kills)
  A merfolk impaler (Shoals:3)
  A hydra (Lair:2)
  An anaconda (Snake:3)
  A naga sharpshooter (Snake:3)
  A wizard (D:13)
  A harpy (Shoals:2)
  A mana viper (Snake:3)
  A cyclops (Shoals:1)
  2 salamanders (Snake:3)
  2 naga magi
  2 black mambas
  A rust devil (Gauntlet)
  A merfolk (Shoals:1)
  A snapping turtle (Shoals:3)
  A water elemental (Shoals:1)
  2 humans (D:13)
  2 nagas (Snake:2)
  4 wolves (Lair:4)
  4 iron imps (Gauntlet)
30 creatures vanquished.

Vanquished Creatures (others)
  A salamander (Snake:3)
  3 dancing weapons (Orc:1)
  A naga (Snake:2)
  An electric eel (D:13)
  An orc (D:11)
  11 fungi
  47 plants
  10 withered plants
75 creatures vanquished.

Grand Total: 1143 creatures vanquished

Notes
Turn   | Place    | Note
-------+----------+-------------------------------------------
     0 | D:1      | Velka12 the Vine Stalker Enchanter began the quest for the
                  | Orb.
     0 | D:1      | Reached XP level 1. HP: 9/9 MP: 4/4
   474 | D:1      | You fall into a shaft and drop 1 floor!
   475 | D:2      | Noticed Terence
   537 | D:1      | Reached XP level 2. HP: 7/13 MP: 4/6
   762 | D:1      | Learned a level 2 spell: Ensorcelled Hibernation
   891 | D:1      | Reached skill level 4 in Stealth
  1168 | D:1      | Reached XP level 3. HP: 16/16 MP: 4/7
  2609 | D:1      | Learned a level 3 spell: Confuse
  2708 | D:2      | Killed Terence
  2708 | D:2      | Reached skill level 1 in Ice Magic
  2708 | D:2      | Gained mutation: Your natural rate of healing is unusually
                  | fast. [Vine Stalker growth]
  2708 | D:2      | Reached XP level 4. HP: 10/21 MP: 3/9
  3376 | D:3      | Reached XP level 5. HP: 17/24 MP: 1/10
  4199 | D:3      | Reached skill level 1 in Short Blades
  4507 | D:3      | Reached XP level 6. HP: 21/28 MP: 0/11
  4663 | D:3      | Found a shimmering blue altar of Sif Muna.
  4684 | D:3      | Reached skill level 5 in Stealth
  5232 | D:4      | Reached skill level 5 in Hexes
  5278 | D:4      | Found a sand-covered staircase.
  5286 | Ossuary  | Entered an ossuary
  5387 | Ossuary  | Reached XP level 7. HP: 26/32 MP: 9/13
  5874 | Ossuary  | Reached skill level 6 in Stealth
  6375 | D:4      | Gained mutation: You have razor-sharp teeth. [Vine Stalker
                  | growth]
  6375 | D:4      | Reached XP level 8. HP: 36/36 MP: 8/15
  6977 | D:4      | Reached skill level 1 in Fighting
  7120 | D:5      | Entered Level 5 of the Dungeon
  7128 | D:5      | Reached skill level 7 in Stealth
  7235 | D:5      | Found a sparkling altar of Nemelex Xobeh.
  7238 | D:5      | Found an ornate altar of the Wu Jian Council.
  7241 | D:5      | Found a hide-covered altar of Uskayaw.
  7399 | D:5      | Noticed Edmund
  7425 | D:5      | Killed Edmund
  7677 | D:5      | Reached skill level 5 in Spellcasting
  7719 | D:5      | Reached skill level 8 in Stealth
  7896 | D:4      | Reached skill level 9 in Stealth
  7896 | D:4      | Reached XP level 9. HP: 43/43 MP: 1/17
  8689 | D:5      | Found a burning altar of Makhleb.
  8728 | D:5      | Became a worshipper of Makhleb the Destroyer
  8919 | D:6      | Found a staircase to the Ecumenical Temple.
  8940 | D:6      | Reached skill level 10 in Stealth
  8950 | D:6      | Found Tagaharch's Assorted Antiques.
  8956 | D:6      | Bought a scroll of teleportation for 63 gold pieces
  8988 | D:6      | Reached skill level 1 in Invocations
  9654 | D:6      | Found a shimmering blue altar of Sif Muna.
  9721 | D:7      | Reached skill level 11 in Stealth
  9917 | D:7      | Reached * piety under Makhleb
  9920 | D:7      | Noticed Duvessa
  9927 | D:7      | Killed Duvessa
  9927 | D:7      | Reached XP level 10. HP: 51/51 MP: 18/18
 10018 | D:7      | Found a shimmering altar of Xom.
 10191 | D:7      | Noticed Dowan
 10247 | D:7      | Killed Dowan
 10376 | D:7      | Reached skill level 5 in Fighting
 10376 | D:7      | Reached skill level 12 in Stealth
 10451 | D:7      | Found a snail-covered altar of Cheibriados.
 10953 | D:8      | Found a transporter.
 10962 | D:8      | Noticed a cyclops
 10964 | D:8      | Noticed Delarado's ghost (novice OpFi)
 10964 | D:8      | Noticed a moth of wrath
 10965 | D:8      | Found a bloodstained altar of Trog.
 11017 | D:8      | Learned a level 3 spell: Tukima's Dance
 11125 | D:8      | Found a transporter.
 11476 | D:8      | Noticed Maurice
 11485 | D:8      | Killed Maurice
 11549 | D:8      | Found a transporter.
 11655 | D:8      | Found a shimmering altar of Xom.
 11656 | D:8      | Found a hazy altar of Hepliaklqana.
 11656 | D:8      | Noticed a thorn hunter
 11657 | D:8      | Noticed a thorn hunter
 11657 | D:8      | Noticed a spectral ugly thing
 11829 | D:8      | Found a transporter.
 11979 | D:9      | Reached ** piety under Makhleb
 12382 | D:9      | Found a roughly hewn altar of Beogh.
 12524 | D:9      | Reached *** piety under Makhleb
 12677 | D:9      | Found a sacrificial altar of Ru.
 13020 | D:10     | Entered Level 10 of the Dungeon
 13160 | D:10     | Found a staircase to the Orcish Mines.
 13169 | D:10     | Found Caeff's Book Shop.
 13179 | D:10     | Bought a book of Cantrips for 220 gold pieces
 13181 | D:10     | Learned a level 1 spell: Confusing Touch
 13225 | D:10     | Reached skill level 5 in Short Blades
 13260 | D:10     | Reached XP level 11. HP: 56/56 MP: 20/20
 13297 | D:10     | Noticed a centaur warrior
 13325 | D:10     | Killed a centaur warrior
 14141 | D:11     | Found a staircase to the Lair.
 14147 | D:11     | Noticed a two-headed ogre
 14153 | D:11     | Killed a two-headed ogre
 14153 | D:11     | Reached skill level 13 in Stealth
 14229 | D:11     | Noticed Erolcha
 14368 | Lair:1   | Entered Level 1 of the Lair of Beasts
 14409 | Lair:1   | Reached skill level 5 in Invocations
 14488 | Lair:1   | Reached **** piety under Makhleb
 14838 | Lair:1   | Gained mutation: You heal very quickly. [Vine Stalker
                  | growth]
 14838 | Lair:1   | Reached XP level 12. HP: 62/62 MP: 19/23
 15191 | Lair:2   | Got an ichor-stained scale mail
 15193 | Lair:2   | Identified the +1 scale mail of Minor Irritation {+Fly
                  | rElec} (You found it on level 2 of the Lair of Beasts)
 15323 | Lair:2   | Noticed an eight-headed hydra
 15860 | Lair:2   | Killed an eight-headed hydra
 16368 | Lair:3   | Found a staircase to the Snake Pit.
 16469 | Lair:3   | Found a staircase to the Shoals.
 16617 | Lair:3   | Found a runed translucent gate.
 16619 | Lair:3   | Found a runed translucent gate.
 16619 | Lair:3   | Found a runed translucent gate.
 16700 | Lair:3   | Noticed kalagan's ghost (journeyman GrEE)
 16700 | Lair:3   | Noticed Baiviem's ghost (journeyman MfGl)
 17186 | Lair:4   | Reached skill level 14 in Stealth
 18445 | Lair:5   | Reached ***** piety under Makhleb
 18470 | Lair:5   | Found a staircase to the Slime Pits.
 18588 | Lair:5   | Found a gate leading to a gauntlet.
 18597 | Gauntlet | Entered a Gauntlet
 18597 | Gauntlet | Found a transporter.
 18605 | Gauntlet | Found a transporter.
 18607 | Gauntlet | Found a transporter.
 18618 | Gauntlet | Found a transporter.
 18629 | Gauntlet | Found a transporter.
 18634 | Gauntlet | Found a transporter.
 18649 | Gauntlet | Found a transporter.
 18668 | Gauntlet | Found a transporter.
 18680 | Gauntlet | Found a transporter.
 18680 | Gauntlet | Noticed a blizzard demon
 18692 | Gauntlet | Found a transporter.
 18693 | Gauntlet | Noticed a five-headed hydra
 18698 | Gauntlet | Found a transporter.
 18698 | Gauntlet | Found a transporter.
 18713 | Gauntlet | Found a transporter.
 18725 | Gauntlet | Found a transporter.
 18725 | Gauntlet | Noticed a wretched star
 18744 | Gauntlet | Found a transporter.
 18759 | Gauntlet | Found a transporter.
 18761 | Gauntlet | Found a transporter.
 18789 | Gauntlet | Found a transporter.
 19076 | Gauntlet | Reached XP level 13. HP: 68/68 MP: 13/24
 19321 | Gauntlet | Noticed a minotaur
 19344 | Gauntlet | Killed a minotaur
 19469 | Gauntlet | Learned a level 2 spell: Blink
 19475 | Gauntlet | Learned a level 5 spell: Summon Mana Viper
 19477 | Gauntlet | Learned a level 1 spell: Animate Skeleton
 19479 | Gauntlet | Learned a level 1 spell: Apportation
 19481 | Gauntlet | Learned a level 1 spell: Summon Butterflies
 19957 | Lair:6   | Entered Level 6 of the Lair of Beasts
 20106 | Lair:5   | Reached skill level 10 in Short Blades
 20611 | Lair:6   | Reached skill level 15 in Stealth
 21216 | Lair:6   | Reached skill level 16 in Stealth
 21567 | Lair:6   | Reached skill level 1 in Necromancy
 21571 | Lair:6   | Reached skill level 10 in Fighting
 21623 | Lair:6   | Reached XP level 14. HP: 77/77 MP: 22/25
 21897 | Lair:6   | Reached skill level 1 in Armour
 21950 | Lair:6   | Found a large runed translucent door.
 21951 | Lair:6   | Found a large runed translucent door.
 22510 | D:11     | Killed Erolcha
 22924 | D:12     | Found Elizicin's Jewellery Boutique.
 24205 | D:13     | Reached skill level 1 in Summonings
 24248 | D:13     | Reached skill level 17 in Stealth
 24594 | D:13     | Reached ****** piety under Makhleb
 24951 | D:13     | Found a gate to the Vaults.
 25654 | D:13     | Reached XP level 15. HP: 79/81 MP: 17/27
 26474 | D:15     | Entered Level 15 of the Dungeon
 26495 | D:15     | Reached skill level 5 in Summonings
 26728 | D:15     | Found a staircase to the Depths.
 27278 | D:15     | Found Ibuiqo's Antique Weapon Boutique.
 27803 | D:15     | Noticed Rupert
 27805 | D:15     | Killed Rupert
 28471 | Orc:1    | Entered Level 1 of the Orcish Mines
 28853 | Orc:1    | Noticed an orc warlord
 29010 | Orc:1    | Reached skill level 5 in Dodging
 29102 | Orc:1    | Killed an orc warlord
 29202 | Orc:1    | Noticed an orc warlord
 29283 | Orc:1    | HP: 1/83 [orc warlord/bolt (18)]
 29690 | Orc:1    | Killed an orc warlord
 29811 | Orc:2    | Entered Level 2 of the Orcish Mines
 29811 | Orc:2    | Found an iron altar of Okawaru.
 30166 | Orc:2    | Found a roughly hewn altar of Beogh.
 30400 | Orc:2    | Reached XP level 16. HP: 87/87 MP: 22/29
 30531 | Orc:2    | Found a roughly hewn altar of Beogh.
 30571 | Orc:2    | Found a roughly hewn altar of Beogh.
 30575 | Orc:2    | Found Roebri Agal's Jewellery Emporium.
 30626 | Orc:2    | Found a roughly hewn altar of Beogh.
 30741 | Orc:2    | Found a roughly hewn altar of Beogh.
 30798 | Orc:2    | Found a staircase to the Elven Halls.
 30812 | Orc:2    | Found a roughly hewn altar of Beogh.
 30852 | Orc:2    | Reached skill level 5 in Armour
 31179 | Orc:2    | Found Dorgh's Antique Weapon Shop.
 31180 | Orc:2    | Found a roughly hewn altar of Beogh.
 31181 | Orc:2    | Found Juyf's Antique Armour Boutique.
 31257 | Orc:2    | Found Quaxa's Food Shop.
 31309 | Orc:2    | Bought a heavily runed scale mail for 279 gold pieces
 31309 | Orc:2    | Identified the +1 scale mail of Past Mistakes {rC+ Str+3
                  | Int+3} (You bought it in a shop on level 2 of the Orcish
                  | Mines)
 31540 | Snake:1  | Entered Level 1 of the Snake Pit
 31604 | Snake:1  | Reached skill level 18 in Stealth
 32214 | Snake:1  | Found a hide-covered altar of Uskayaw.
 32306 | Snake:1  | Got a brightly glowing trident
 32410 | Snake:1  | Noticed Aizul
 32604 | Snake:1  | Killed Aizul
 32729 | Snake:1  | Found Pypodesch's General Store.
 32729 | Snake:1  | Found Unay's Magic Scroll Boutique.
 32775 | Snake:1  | Bought 2 scrolls of blinking for 285 gold pieces
 32775 | Snake:1  | Bought a scroll of fear for 66 gold pieces
 32900 | Snake:1  | Identified the cursed +1 trident "Qaephiga" {freeze, rPois
                  | rC+ Str+4 Int+3} (You found it on level 1 of the Snake Pit)
 32903 | Snake:1  | Identified 3 scrolls of acquirement
 33339 | Snake:2  | Reached skill level 10 in Hexes
 33600 | Snake:2  | Noticed a nagaraja
 34849 | Shoals:1 | Entered Level 1 of the Shoals
 34979 | Shoals:1 | Found a stormy altar of Qazlal.
 36090 | Shoals:2 | Reached XP level 17. HP: 93/93 MP: 21/31
 36290 | Shoals:2 | Identified Roxanne's Collected Works on Transformation
 36290 | Shoals:2 | Noticed Roxanne
 37064 | Shoals:3 | Got a polished short sword
 37065 | Shoals:3 | Identified the +11 short sword "Falaluj" {flame, rPois
                  | Str+2} (You acquired it on level 3 of the Shoals)
 37338 | Shoals:3 | Reached skill level 10 in Spellcasting
 37743 | Elf:1    | Entered Level 1 of the Elven Halls
 38275 | Elf:1    | Reached skill level 10 in Summonings
 38572 | Elf:1    | Reached skill level 1 in Shields
 39800 | Depths:1 | Entered Level 1 of the Depths
 40760 | Snake:2  | Reached skill level 19 in Stealth
 41250 | Snake:3  | Reached XP level 18. HP: 98/98 MP: 33/33
 41715 | Snake:3  | Noticed Jorgrun
 41737 | Snake:3  | Killed Jorgrun
 42163 | Snake:3  | Reached skill level 5 in Shields
 42351 | Snake:4  | Entered Level 4 of the Snake Pit
 42638 | Snake:4  | Reached skill level 1 in Translocations
 42876 | Snake:4  | Noticed Vashnia
 43037 | Snake:4  | Killed from afar by a shock serpent

Levels and vault maps discovered:
D:1:      erik_arrival_triangle_medium, layout_rooms, hex_medium
D:2:      layout_rooms, minmay_misc_feat_chi, uniq_terence
D:3:      minmay_razor_zed, layout_basic, lemuel_round_altar
D:4:      layout_rooms, chequers_ossuary_entry_cave, kennysheep_generic_room_14
D:5:      wander_river, layout_basic, makhleb_grotto_becter,
          grunt_temple_overflow_diamond, first_ration, grunt_tough_drop,
          uniq_edmund
D:6:      layout_basic, minmay_temple_entry_crystal_x, serial_shops, shop,
          led_sif_book
D:7:      layout_loops_ring, lemuel_round_altar, basic_altar,
          minmay_misc_feat_enclosed, grunt_livestock, uniq_duvessa
D:8:      gammafunk_steamed_eel, layout_basic, regret_index_temple_of_mockery,
          gammafunk_ghost_wrathful_warriors, hex_large,
          hangedman_decor_peaks_small, uniq_maurice
D:9:      layout_roguey, nicolae_ru_sacrificial_ziggurat, special_room
          [special_room_orc]
D:10:     layout_gridville, orc_0_dummy, serial_shops, shop_fountains
D:11:     layout_loops_ring, david_lair_shrubbed, uniq_erolcha
D:12:     minmay_cornered_nines, layout_loops_ring, serial_shops,
          nicolae_shop_window_shopping
D:13:     layout_cave_pools, grunt_vaults_entry_tiered, chequers_big_river,
          hangedman_decor_opposing, billiards_dpeg
D:14:     layout_cave_pools, chequers_serial_rivers_micro_a,
          nicolae_straight_to_the_point
D:15:     gammafunk_depths_entry_grave, layout_stronghold, serial_shops, shop,
          hangedman_abyss_or_decor_stagger, uniq_rupert
Lair:1:   layout_roguey
Lair:2:   layout_loops_ring, chequers_serial_rivers_large_a, lemuel_fruit_tree,
          serial_bayou_shore_b, infiniplex_staircase_pool, grunt_megastairs_4
Lair:3:   layout_loops_ring, minmay_shoals_entry_hut,
          minmay_snake_entry_six_corridors, gammafunk_ghost_cemetery,
          st_stairs_5
Lair:4:   layout_long_grid
Lair:5:   layout_small_grid, slime_dummy, gauntlet_entry_generic,
          columned_hall_lemuel
Lair:6:   cheibrodos_lair_end_hotspot, layout_regular_city
Shoals:1: layout_shoals, lemuel_altar_in_water
Shoals:2: layout_shoals, uniq_roxanne
Shoals:3: layout_shoals
Snake:1:  layout_misc_corridors, basic_altar, minmay_shoptagon, uniq_aizul
Snake:2:  nicolae_snakescales, layout_basic
Snake:3:  layout_grid_maze, st_stairs_12, uniq_jorgrun
Snake:4:  grunt_snake_rune_pools, layout_cave_pods, serial_shops, shop,
          uniq_kirke, uniq_vashnia
Orc:1:    layout_caves, minmay_orc_treasury
Orc:2:    grunt_orc_community_town_hall, layout_diamond_mine,
          grunt_orc_community_big_house_1, grunt_orc_community_big_house_2,
          grunt_orc_community_house_3, grunt_orc_community_house_1,
          grunt_orc_community_house_3, grunt_orc_community_house_3,
          grunt_orc_community_house_2, grunt_orc_community_house_2,
          okawaru_metal_pillars_1_2
Elf:1:    minmay_elf_arrival_plus, layout_onion_city, minivault_28
Depths:1: layout_cave_shapes, enter_ziggurat_f, hangedman_coc_ice_floe,
          minmay_misc_feat_five, abyss_entry, kennysheep_cluttered_room,
          lemuel_freeze_loot_1, serial_bayou_shore_a

Skill      XL: |  1  2  3  4  5  6  7  8  9 10 11 12 13 14 15 16 17 18 |
---------------+-------------------------------------------------------+-----
Stealth        | 4 5 6 9 11 12 13 14 16 17 18 19 | 19.2
Hexes          | 4 5 6 7 8 9 10 | 10.3
Ice Magic      | 1 2 3 |  3.0
Spellcasting   | 3 4 5 7 8 9 10 | 10.8
Short Blades   | 1 3 4 5 7 9 10 11 | 11.0
Fighting       | 2 4 5 6 8 10 11 12 | 12.6
Invocations    | 3 4 5 7 8 |  8.0
Necromancy     | 1 3 |  3.0
Armour         | 3 4 6 |  6.5
Dodging        | 3 5 |  5.0
Summonings     | 3 6 9 10 | 10.7
Shields        | 4 5 |  5.0
Translocations | 1 |  1.3

Action                   |  1- 3 |  4- 6 |  7- 9 | 10-12 | 13-15 | 16-18 || total
-------------------------+-------+-------+-------+-------+-------+-------++-------
Melee: Dagger            |    97 |   154 |   331 |   588 |  1524 |   685 ||  3379
       Bite              |    19 |    34 |    78 |   143 |   460 |   409 ||  1143
       Short sword       |       |       |       |       |       |   690 ||   690
Throw: Boomerang         |       |     3 |     1 |       |     3 |       ||     7
 Cast: Corona            |    16 |       |       |       |       |       ||    16
       Ensorcelled Hiber |    47 |    43 |    85 |   157 |   233 |   123 ||   688
       Confuse           |     1 |    27 |    58 |    26 |    52 |    38 ||   202
       Tukima's Dance    |       |       |       |     7 |     5 |     5 ||    17
       Confusing Touch   |       |       |       |     9 |    97 |    93 ||   199
       Animate Skeleton  |       |       |       |       |    12 |    21 ||    33
       Summon Mana Viper |       |       |       |       |       |     8 ||     8
       Apportation       |       |       |       |       |       |     3 ||     3
       Blink             |       |       |       |       |       |     2 ||     2
Invok: Lesser Servant of |       |       |       |     3 |     4 |     7 ||    14
Evoke: Wand              |       |       |       |     7 |    10 |     2 ||    19
       Lamp of fire      |       |       |       |       |       |     1 ||     1
  Use: Potion            |     2 |     2 |     5 |     2 |     3 |     4 ||    18
       Scroll            |     1 |     9 |     5 |    12 |     9 |    16 ||    52
 Stab: Sleeping          |    25 |    36 |    54 |   118 |   150 |    93 ||   476
       Confused          |     1 |     5 |    26 |    16 |   122 |    93 ||   263
       Distracted        |       |     1 |     1 |     1 |     4 |     8 ||    15
       Paralysed         |       |       |       |       |     1 |       ||     1
  Eat: Chunk             |     6 |    15 |    13 |    25 |    17 |    14 ||    90
       Ration            |     1 |     1 |     3 |     2 |     8 |     9 ||    24
Armor: Robe              |    16 |    24 |    37 |    28 |       |       ||   105
       Scale mail        |       |       |       |   165 |   556 |   518 ||  1239
       Skin              |       |       |       |     7 |       |       ||     7
Dodge: Dodged            |    78 |    92 |   159 |   248 |   493 |   493 ||  1563
Block: Other             |       |       |     4 |    42 |     9 |       ||    55
       Buckler           |       |       |       |       |       |    45 ||    45
